 Dungeon Crawl Stone Soup version 0.28-a0-1038-g9c4cb8273d (webtiles) character file.

Game seed: 4447422776543819044

5306 browni3141 the Tainter (level 8, -3/46 HPs)
             Began as an Octopode Venom Mage on Dec 9, 2021.
             Was a Believer of Ru.
             Slain by a two-headed ogre (21 damage)
             ... on level 8 of the Dungeon.
             The game lasted 00:24:38 (12892 turns).

browni3141 the Tainter (Octopode Venom Mage)       Turns: 12892, Time: 00:24:39

Health: -3/46      AC:  2    Str: 18    XL:     8   Next: 64%
Magic:  20/20      EV: 18    Int: 26    God:    Ru [**....]
Gold:   1493       SH:  0    Dex: 20    Spells: 13/23 levels left

rFire   . . .      SeeInvis +   n - +2 dagger (venom)
rCold   . . .      Faith    +   (no shield)
rNeg    . . .      Spirit   .   s - +1 hat {Stlth+}
rPois   .          Reflect  .   m - amulet of faith
rElec   .          Harm     .   b - ring of willpower
rCorr   .          Rampage  .   e - +6 ring of strength
Will    +....                   l - +6 ring of dexterity
Stlth   +++++.....              k - ring "Yblut" {EV+4 Str+4}
HPRegen 0.15/turn               q - ring of Gehisex {*Slow +Blink Int+7 SInv}
MPRegen 0.17/turn               (no ring)
                                (no ring)
                                (no ring)

@: no status effects
A: almost no armour, amphibious, 8 rings, camouflage 1, gelatinous body 1,
inexperienced 1, (nimble swimmer 1), tentacles
a: Renounce Religion, Evoke Blink


You were on level 8 of the Dungeon.
You worshipped Ru.
Ru was pleased with you.
You visited 2 branches of the dungeon, and saw 9 of its levels.

You collected 1493 gold pieces.

Inventory:

Hand Weapons
 n - a +2 dagger of venom (weapon)
Missiles
 w - a throwing net (quivered)
Armour
 s - a +1 hat of stealth (worn)
Jewellery
 b - a ring of willpower (left tentacle)
 d - an amulet of the acrobat
 e - a +6 ring of strength (right tentacle)
 k - the ring "Yblut" (on tentacle) {EV+4 Str+4}
   (You acquired it on level 6 of the Dungeon)

   [ring of evasion]

   EV:        It affects your evasion (+4).
   Str:       It affects your strength (+4).
 l - a +6 ring of dexterity (on tentacle)
 m - an amulet of faith (around mantle)
 q - the ring of Gehisex (on tentacle) {*Slow +Blink Int+7 SInv}
   (You acquired it on level 6 of the Dungeon)

   [ring of see invisible]

   Int:       It affects your intelligence (+7).
   SInv:      It lets you see invisible.
   +Blink:    It lets you blink.
   *Slow:     It may slow you when you take damage.
Scrolls
 c - 3 scrolls of immolation
 g - a scroll of blinking {unknown}
 i - 2 scrolls of vulnerability
 t - a scroll of noise
 u - a scroll of fear
 y - a scroll of enchant armour
 z - a scroll of teleportation {unknown}
Potions
 a - 2 potions of haste {unknown}
 f - a potion of resistance {unknown}
 h - a potion of flight {unknown}
 j - a potion of attraction {unknown}
 o - a potion of mutation {unknown}
 p - a potion of ambrosia {unknown}
 r - a potion of heal wounds {unknown}
 v - 2 potions of curing {unknown}
 x - a potion of might {unknown}


   Skills:
 - Level 2.4 Dodging
 - Level 4.0 Stealth
 + Level 8.0 Spellcasting
 - Level 3.0 Conjurations
 - Level 1.5 Transmutations
 - Level 3.0 Air Magic
 * Level 14.3 Poison Magic


You had 13 spell levels left.
You knew the following spells:

 Your Spells              Type           Power      Damage    Failure   Level
a - Sting                 Tmut/Pois      100%       1d8       1%          1
b - Poisonous Vapours     Pois/Air       100%       N/A       1%          2
c - Mephitic Cloud        Conj/Pois/Air  45%        N/A       1%          3
d - Olgreb's Toxic Radia  Pois           71%        N/A       1%          4

Your spell library contained the following spells:

 Spells                   Type           Power      Damage    Failure   Level
 Foxfire                  Conj/Fire      72%        2x1d7     3%          1
 Conjure Flame            Conj/Fire      18%        6-21      9%          3
 Inner Flame              Hex/Fire       10%        N/A       17%         3
 Flame Wave               Conj/Fire      18%        2d5       30%         4
 Blade Hands              Tmut           9%         N/A       63%         5
 Iron Shot                Conj/Erth      9%         9d3       99%         6
 Animate Armour           Summ/Erth      Unusable   N/A       N/A         4

Dungeon Overview and Level Annotations

Branches:
Dungeon (8/15)             Temple (1/1) D:6
   Lair: D:8-11

Altars:
Ashenzari
Cheibriados
Elyvilon
Fedhas
Gozag
Hepliaklqana
Kikubaaqudgha
Makhleb
Nemelex Xobeh
Okawaru
Qazlal
Ru
Sif Muna
Trog
Uskayaw
Vehumet
Wu Jian
Xom
Yredelemnul
Zin
The Shining One

Shops:
D:1 :   D:6 (   D:8 :

Annotations:
D:4 1 runed translucent door, Crazy Yiuf, Grinder
D:7 exclusions: acid dragon, deep elf pyromancer, hydra, 2 orc warriors, skeleton, ugly thing and 1 more exclusion
D:8 exclusion: zombie


Innate Abilities, Weirdness & Mutations

You cannot wear most types of armour.
You are amphibious.
You can wear up to eight rings at the same time.
Your skin changes colour to match your surroundings (Stealth+).
Your rubbery body absorbs attacks. (AC +1, EV +1)
You are somewhat inexperienced. (-2 XL)
((You are camouflaged near water. (Stealth+)))
You have tentacles for arms and can constrict up to eight enemies at once.


Message History

Aim: an ice beast (78% to hit)
Okay, then.
Throw: 2 throwing nets
Press: ? - help, Q - select action, (/) - cycle Shift-Dir - straight line, f - ice beast
Aim: an ice beast (62% to hit)
You throw a throwing net. The throwing net hits the ice beast.
The ice beast is caught in the net!
Unknown command.
You catch the helpless ice beast completely off-guard!
You puncture the ice beast!
You squeeze the ice beast, but do no damage.
The ice beast is heavily wounded.
The ice beast struggles against the net. x2
You strike the helpless ice beast from behind!
You puncture the ice beast!
You kill the ice beast!
Your Spellcasting skill increases to level 8!
w - 2 throwing nets (gained 1) Magic restored.
Found a stone staircase leading down.
z - a scroll labelled WOEBEIRAEPHU A two-headed ogre comes into view.
It is wielding two +0 giant clubs.
Found 24 stones.
The helpless two-headed ogre fails to defend itself.
You puncture the two-headed ogre!
The two-headed ogre is poisoned.
You squeeze the two-headed ogre!
The two-headed ogre is heavily wounded.
The two-headed ogre completely misses you.
The two-headed ogre closely misses you.
The two-headed ogre looks more healthy.
Throw: 2 throwing nets
Press: ? - help, Q - select action, (/) - cycle Shift-Dir - straight line, f - two-headed ogre
Aim: a two-headed ogre, wielding two +0 giant clubs (severely wounded, 76% to hit)
You throw a throwing net.
The throwing net closely misses the two-headed ogre.
You fail to use your ability.
The two-headed ogre hits you with a +0 giant club!!
Ouch! That really hurt!
The two-headed ogre hits you with a +0 giant club!!
You die...

..........## #.#.# ###.#...#..#
#.#.# #.#.#.##.# #.#.# #.#.#.##.#
#.#.# # #### ###.#<#.##.##
#.#.###.# #...
......#.##..######.......#####...
.................................
....#.#.###..######..########'###
#####.#.....)..O@....# #....§#
#.######(#####...######.≈.≈§# #.#
#.## #...#^...'..§§.' #.######..#
#..##....#.≈.§§#
#####.......#.#####.##....#.....#
.....................'....###'###
#####.......#.#####.##....# #....
#.>.....#.# #.##...)###....
#.......#.## #.##....†..))..


You could see a two-headed ogre.

Vanquished Creatures
  A boulder beetle (D:7)
  A two-headed ogre (D:7)
  Prince Ribbit (D:8)
  Sigmund (D:4)
  7 yaks
  2 steam dragons
  A water moccasin (D:6)
  2 sky beasts
  An ice beast (D:8)
  A necrophage (D:8)
  2 centaurs (D:7)
  3 phantoms
  5 bullfrogs
  A gnoll sergeant (D:6)
  A water moccasin skeleton (D:5)
  5 killer bees (D:8)
  A wight (D:6)
  A howler monkey (D:7)
  2 centaur zombies (D:8)
  2 gnoll shamans
  3 hounds
  2 jellies
  2 bullfrog skeletons
  An orc priest (D:6)
  4 iguanas
  Natasha (D:2)
  2 orc wizards
  A killer bee zombie (D:6)
  A hound skeleton (D:5)
  Robin (D:2)
  13 gnolls
  6 adders
  A shadow imp (D:7)
  A white imp (D:6)
  2 ufetubi (D:5)
  An adder skeleton (D:4)
  3 worms
  2 dart slugs (D:3)
  14 orcs
  9 ball pythons
  4 endoplasms
  19 goblins
  8 hobgoblins
  3 jackals
  5 kobolds
  6 quokkas
  3 training dummies (D:6)
  10 bats
  A frilled lizard (D:1)
  9 rats
179 creatures vanquished.

Vanquished Creatures (others)
  A bullfrog skeleton (D:7)
  16 fungi (D:7)
  6 plants
23 creatures vanquished.

Grand Total: 202 creatures vanquished

Notes
Turn   | Place    | Note
-------+----------+-------------------------------------------
     0 | D:1      | browni3141 the Octopode Venom Mage began the quest for the
                  | Orb.
     0 | D:1      | Reached XP level 1. HP: 11/11 MP: 3/3
   277 | D:1      | Found Nuqokodd's Book Boutique.
   313 | D:1      | Reached XP level 2. HP: 16/17 MP: 5/5
  1293 | D:1      | Reached XP level 3. HP: 21/21 MP: 6/6
  1307 | D:1      | Found a faded altar of an unknown god.
  1710 | D:1      | Reached skill level 4 in Poison Magic
  2091 | D:2      | Noticed Natasha
  2107 | D:2      | Learned a level 2 spell: Poisonous Vapours
  2111 | D:2      | Learned a level 3 spell: Mephitic Cloud
  2349 | D:2      | Reached XP level 4. HP: 27/27 MP: 1/7
  3347 | D:2      | Noticed Robin
  3355 | D:2      | Killed Robin
  3356 | D:2      | Reached skill level 1 in Conjurations
  3648 | D:2      | Killed Natasha
  3649 | D:2      | Reached skill level 1 in Air Magic
  3649 | D:2      | Reached XP level 5. HP: 20/31 MP: 1/9
  4446 | D:3      | Found a hide-covered altar of Uskayaw.
  4455 | D:3      | Found a blossoming altar of Fedhas.
  4561 | D:3      | Found a burning altar of Makhleb.
  4740 | D:3      | Reached skill level 5 in Poison Magic
  4937 | D:4      | Noticed Sigmund
  4940 | D:4      | Killed Sigmund
  4941 | D:4      | Reached XP level 6. HP: 36/36 MP: 8/10
  4997 | D:4      | Noticed Grinder
  5289 | D:4      | Found a runed translucent door.
  5290 | D:4      | Noticed Crazy Yiuf
  5435 | D:5      | Entered Level 5 of the Dungeon
  5438 | D:5      | Reached skill level 6 in Poison Magic
  5459 | D:5      | Reached XP level 7. HP: 17/41 MP: 10/12
  5837 | D:5      | Learned a level 4 spell: Olgreb's Toxic Radiance
  6152 | D:5      | Found an iron altar of Okawaru.
  6313 | D:5      | Reached skill level 7 in Poison Magic
  7147 | D:6      | Reached XP level 8. HP: 26/46 MP: 14/14
  7356 | D:6      | Reached skill level 8 in Poison Magic
  7671 | D:6      | Found a bloodstained altar of Trog.
  7681 | D:6      | Found a staircase to the Ecumenical Temple.
  7862 | Temple   | Entered the Ecumenical Temple
  8152 | Temple   | Became a worshipper of Ru the Awakened
  8543 | D:6      | Reached skill level 9 in Poison Magic
  8545 | D:6      | Found Teocyni's Firing Range.
  8814 | D:6      | Reached skill level 5 in Spellcasting
  9166 | D:7      | Noticed a two-headed ogre
  9215 | D:7      | Found a shimmering altar of Xom.
  9249 | D:7      | Killed a two-headed ogre
  9250 | D:7      | Reached skill level 11 in Poison Magic
  9250 | D:7      | Reached XP level 9. HP: 47/51 MP: 12/18
  9364 | D:7      | Noticed a green ugly thing
  9734 | D:7      | Reached skill level 12 in Poison Magic
 10037 | D:7      | Gained mutation: You are somewhat inexperienced. (-2 XL)
                  | [Ru sacrifice]
 10037 | D:7      | Reached XP level 8. HP: 46/46 MP: 17/17
 10037 | D:7      | Reached XP level 7. HP: 41/41 MP: 16/16
 10037 | D:7      | Reached * piety under Ru
 10037 | D:7      | Reached ** piety under Ru
 10497 | D:7      | Noticed a boulder beetle
 10504 | D:7      | Identified 4 scrolls of acquirement
 10629 | D:6      | Acquired the ring "Yblut" {EV+4 Str+4}
 10632 | D:6      | Acquired the ring of Gehisex {*Slow +Blink Int+7 SInv}
 10635 | D:6      | Acquired a +0 hat of stealth
 10643 | D:6      | Acquired 1191 gold pieces
 10740 | D:7      | Killed a boulder beetle
 10741 | D:7      | Reached skill level 13 in Poison Magic
 10741 | D:7      | Reached XP level 8. HP: 46/46 MP: 3/18
 11329 | D:7      | Noticed an eight-headed hydra
 11349 | D:7      | Noticed a deep elf pyromancer
 11963 | D:8      | Identified the +5 chain mail of Cowardice {Str+2}
 11992 | D:8      | Noticed Prince Ribbit
 12001 | D:8      | Killed Prince Ribbit
 12135 | D:8      | Found Larrouk's Book Shoppe.
 12321 | D:8      | Reached skill level 14 in Poison Magic
 12714 | D:8      | Found a white marble altar of Elyvilon.
 12859 | D:8      | Noticed a two-headed ogre
 12892 | D:8      | Slain by a two-headed ogre

Illustrated notes

Levels and vault maps discovered:
D:1:      psy_arrival_radial01, layout_basic,
          hellmonk_ecumenical_altar_crossroads, serial_shops,
          nicolae_shop_waterfront
D:2:      layout_basic, uniq_natasha, uniq_robin
D:3:      layout_rooms, mainiacjoe_overflow_small_starburst,
          mainiacjoe_overflow_big_doors, serial_bayou_lagoon_a,
          minmay_door_square, minmay_misc_feat_tiny
D:4:      layout_rooms, uniq_crazy_yiuf_cottage, uniq_grinder, uniq_sigmund
D:5:      layout_loops_corners, lemuel_coloured_pillars_altar
D:6:      layout_loops_ring, nicolae_overflow_crystal_walls,
          minmay_temple_entry_mist, nicolae_shop_firing_range
D:7:      nzn_winding_woodlands_large [nzn_winding_woodlands_5x5_three,
          nzn_winding_woodlands_5x15_pathside_ponds,
          nzn_winding_woodlands_5x5_checkerboard,
          nzn_winding_woodlands_center_garden,
          nzn_winding_woodlands_15x15_boxy_spiral,
          nzn_winding_woodlands_center_triple_pond,
          nzn_winding_woodlands_5x5_cross, nzn_winding_woodlands_5x15_garden,
          nzn_winding_woodlands_5x5_closed_star], layout_layer_cave,
          mainiacjoe_overflow_chevrons
D:8:      layout_basic, kennysheep_little_box, grunt_dithmenos_shadows,
          serial_shops, shop, uniq_prince_ribbit1
Temple:   dpeg_chambers_temple

Skill      XL: |  1  2  3  4  5  6  7  8  9 |
---------------+----------------------------+-----
Stealth        | 3 4 |  4.0
Poison Magic   | 4 5 6 13 14 12 | 14.3
Conjurations   | 1 2 3 |  3.0
Air Magic      | 1 2 3 |  3.0
Spellcasting   | 3 7 8 |  8.0
Dodging        | |  2.4
Transmutations | |  1.5

Action                   |  1- 3 |  4- 6 |  7- 9 || total
-------------------------+-------+-------+-------++-------
Melee: Unarmed           |    75 |    77 |       ||   152
       Constrict         |    24 |    30 |    31 ||    85
       Tentacles         |    11 |    20 |    68 ||    99
       Dagger            |       |    37 |   171 ||   208
Throw: Throwing net      |       |       |     2 ||     2
 Cast: Sting             |    27 |    28 |     1 ||    56
       Poisonous Vapours |     3 |     9 |     8 ||    20
       Mephitic Cloud    |       |       |     3 ||     3
       Olgreb's Toxic Ra |       |       |    18 ||    18
Invok: Sacrifice Experie |       |       |     1 ||     1
Evoke: Wand              |       |       |    17 ||    17
  Use: Scroll            |       |       |    11 ||    11
       Potion            |       |       |     2 ||     2
 Stab: Sleeping          |     4 |    13 |    18 ||    35
       Paralysed         |       |       |     6 ||     6
       Confused          |       |       |     1 ||     1
       Distracted        |       |       |     2 ||     2
       Held in net/web   |       |       |     2 ||     2
       Invisible         |       |       |     1 ||     1
Armor: Skin              |    12 |    11 |     7 ||    30
Dodge: Dodged            |    70 |    69 |   113 ||   252

Table legend: (Time is in decaauts)
 A = Elapsed time spent in this place.
 B = Non-inter-level travel time spent in this place.
 C = Inter-level travel time spent in this place.
 D = Time resting spent in this place.
 E = Time spent auto-exploring this place.
 F = Levels seen in this place.
 G = Mean time per level.
                   A        B        C        D        E       F      G
               +--------+--------+--------+--------+--------+-----+--------+
         Total |  12894 |  12414 |    480 |   1204 |   9157 |   9 | 1432.7 |
       Dungeon |  12576 |  12167 |    409 |   1204 |   8925 |   8 | 1572.0 |
        Temple |    317 |    246 |     71 |      0 |    232 |   1 |  317.0 |
               +--------+--------+--------+--------+--------+-----+--------+

Top non-repeatable levels by time:
     D:7: 2608 daAuts
     D:1: 2243 daAuts
     D:2: 2119 daAuts
     D:6: 2050 daAuts
     D:5: 1394 daAuts
     D:8: 1088 daAuts
     D:4: 563 daAuts
     D:3: 507 daAuts
  Temple: 317 daAuts
